 Dungeon Crawl Stone Soup version 0.24-a0-251-g44e327e (webtiles) character file.

Game seed: 3774303384610162167

562 Borgoz the Cutter (level 7, -8/42 HPs)
             Began as a Kobold Gladiator on Apr 16, 2019.
             Mangled by PeterLawrence's ghost (10 damage)
             ... on level 4 of the Dungeon.
             The game lasted 00:06:06 (3512 turns).

Borgoz the Cutter (Kobold Gladiator)                Turns: 3512, Time: 00:06:07

Health: -8/42      AC:  5    Str: 12    XL:     7   Next: 57%
Magic:  0/7        EV: 23    Int: 10    God:
Gold:   141        SH:  0    Dex: 22    Spells: 6/6 levels left

rFire    . . .     SeeInvis .   a - +2 short sword (venom)
rCold    . . .     Gourm    .   (shield restricted)
rNeg     . . .     Faith    .   b - +1 leather armour
rPois    .         Spirit   +   c - +0 helmet
rElec    .         Reflect  .   l - scarf {Spirit}
rCorr    .         Harm     +   (no gloves)
MR       .....                  (no boots)
Stlth    ++++......             k - amulet of harm
HPRegen  0.14/turn              (no ring)
MPRegen  0.10/turn              (no ring)

@: agile
A: small, carnivore
a: no special abilities


You were on level 4 of the Dungeon.
You were very full.

You visited 1 branch of the dungeon, and saw 4 of its levels.

You collected 141 gold pieces.

Inventory:

Hand Weapons
 a - a +2 short sword of venom (weapon)
 e - a +0 rapier
 p - a +2 dagger of venom
Missiles
 d - 3 throwing nets (quivered)
Armour
 b - a +1 leather armour (worn)
 c - a +0 helmet (worn)
 l - a scarf of spirit shield (worn)
Jewellery
 k - an amulet of harm (around neck)
 q - an uncursed ring of flight
Wands
 v - a wand of scattershot (4)
Scrolls
 m - 2 scrolls of identify
 n - 2 scrolls of amnesia
 o - 2 scrolls of teleportation
Potions
 g - a potion of curing
 h - a potion of cancellation
 i - a potion of agility
 j - a potion of resistance
 r - a potion of mutation
Comestibles
 f - 7 rations
 u - 6 chunks of flesh


   Skills:
 + Level 3.7 Fighting
 + Level 7.4 Short Blades
 + Level 2.5 Throwing
 + Level 2.2 Armour
 + Level 5.1 Dodging
 + Level 3.3 Stealth


You had 6 spell levels left.
You didn't know any spells.
Your spell library was empty.

Dungeon Overview and Level Annotations

Branches:
Dungeon (4/15)             Temple (0/1) D:4

Altars:
Ru

Annotations:
D:4 PeterLawrence's ghost, novice MiFi


Innate Abilities, Weirdness & Mutations

You are small and have problems with some larger weapons.
You are carnivorous and can eat meat at any time.


Message History

You hit PeterLawrence's ghost but do no damage.
A bat comes into view.
The bat moves out of view.
You hit PeterLawrence's ghost but do no damage.
PeterLawrence's ghost hits you!
* * * LOW HITPOINT WARNING * * *
You hit PeterLawrence's ghost but do no damage.
PeterLawrence's ghost completely misses you.
You hit PeterLawrence's ghost but do no damage.
PeterLawrence's ghost hits you.
* * * LOW HITPOINT WARNING * * *
You hit PeterLawrence's ghost but do no damage.
A scorpion comes into view.
You completely miss PeterLawrence's ghost.
PeterLawrence's ghost whispers, "Everlasting silence awaits you..."
PeterLawrence's ghost hits you.
* * * LOW HITPOINT WARNING * * *
You hit PeterLawrence's ghost but do no damage.
The bat closely misses you. PeterLawrence's ghost hits you!
You die...

#......[..............
#.....................
##.....................
#............$.........
...#......!.............
.####...................
###.....###..# #....####
..# #.#b@## #....#W###
#..###.'≈≈≈≈=≈ #..
#.####### ... #..## #...
#### .... ....


You could see PeterLawrence's ghost and a bat.

Vanquished Creatures
  A scorpion (D:4)
  A hound (D:4)
  An iguana (D:4)
  3 orc wizards (D:4)
  A worker ant (D:4)
  Natasha (thrice) (D:3)
  4 gnolls (D:2)
  14 adders
  2 oozes
  A worm (D:4)
  5 dart slugs
  4 leopard geckos
  4 orcs
  6 bats
  3 giant cockroaches
  5 goblins
  11 hobgoblins
  2 jackals (D:2)
  3 quokkas
  4 ball pythons
  6 frilled lizards
  8 kobolds
  7 rats
99 creatures vanquished.

Notes
Turn   | Place    | Note
-------+----------+-------------------------------------------
     0 | D:1      | Borgoz the Kobold Gladiator began the quest for the Orb.
     0 | D:1      | Reached XP level 1. HP: 12/12 MP: 1/1
    81 | D:1      | Reached XP level 2. HP: 8/17 MP: 2/2
   564 | D:1      | Reached XP level 3. HP: 22/22 MP: 3/3
  1326 | D:2      | Reached XP level 4. HP: 27/27 MP: 4/4
  1401 | D:2      | Reached skill level 5 in Short Blades
  1428 | D:2      | Reached skill level 1 in Stealth
  1442 | D:2      | Reached XP level 5. HP: 15/32 MP: 2/5
  1896 | D:2      | Reached skill level 1 in Armour
  2289 | D:3      | Noticed Natasha
  2297 | D:3      | Killed Natasha
  2395 | D:3      | Reached XP level 6. HP: 36/37 MP: 6/6
  2809 | D:3      | Noticed Natasha
  2822 | D:3      | Killed Natasha
  2822 | D:3      | Reached skill level 6 in Short Blades
  2841 | D:3      | Noticed Natasha
  2848 | D:3      | Killed Natasha
  3307 | D:4      | Reached XP level 7. HP: 23/41 MP: 7/7
  3347 | D:4      | Found a sacrificial altar of Ru.
  3370 | D:4      | Reached skill level 7 in Short Blades
  3370 | D:4      | Reached skill level 5 in Dodging
  3421 | D:4      | Found a staircase to the Ecumenical Temple.
  3468 | D:4      | Found a runed translucent door.
  3485 | D:4      | Noticed PeterLawrence's ghost (novice MiFi)
  3511 | D:4      | HP: 2/42 [PeterLawrence's ghost (1)]
  3512 | D:4      | Mangled by PeterLawrence's ghost

Levels and vault maps discovered:
D:1:      minmay_arrival_open_corners, layout_loops_ring, minmay_pentomino_u4
D:2:      layout_basic
D:3:      layout_basic, first_ration, uniq_natasha
D:4:      layout_rooms, nicolae_ru_great_annihilating_truth, temple_green,
          gup_sewer_entry_bubbles, ebering_ghost_sewer_d, minivault_27,
          minmay_a_box_with_orc_wizards_in_it

Skill      XL: |  1  2  3  4  5  6  7 |
---------------+----------------------+-----
Dodging        | 4 5 |  5.1
Short Blades   | 5 6 7 |  7.4
Stealth        | 1 2 3 |  3.3
Fighting       | 3 |  3.7
Armour         | 1 2 |  2.2
Throwing       | |  2.5

Action                   |  1- 3 |  4- 6 |  7- 9 || total
-------------------------+-------+-------+-------++-------
Melee: Short sword       |    66 |   181 |    65 ||   312
  Use: Scroll            |     4 |     2 |     4 ||    10
       Potion            |       |     2 |     2 ||     4
 Stab: Sleeping          |     2 |     6 |       ||     8
  Eat: Chunk             |     9 |     6 |     1 ||    16
Armor: Leather armour    |    10 |    26 |    10 ||    46
Dodge: Dodged            |    32 |   124 |    47 ||   203

Table legend:
 A = Non-vault XP
 B = Vault XP
 C = Vault XP percentage of total XP
 D = Non-vault monster count
 E = Vault monster count
 F = Vault count percentage of total count
                 A         B        C        D         E       F
            +---------+---------+-------+---------+---------+-------
      Total |     681 |     122 |  15.2 |      91 |       8 |   8.1
            +---------+---------+-------+---------+---------+-------
        D:1 |      37 |       4 |   9.8 |      18 |       2 |  10.0
        D:2 |     166 |       0 |   0.0 |      28 |       0 |   0.0
        D:3 |     161 |      35 |  17.9 |      27 |       1 |   3.6
        D:4 |     317 |      83 |  20.8 |      18 |       5 |  21.7
            +---------+---------+-------+---------+---------+-------
